 Dungeon Crawl Stone Soup version 0.21.1-1-g345015fe64 (webtiles) character file.

22423 Ejeck the Archer (level 12, -3/112 HPs)
             Began as a Minotaur Berserker on Feb 21, 2018.
             Was an Elder of Trog.
             Slain by an ogre
             ... wielding a cursed +0 giant club
             ... led by Saint Roka
              (10 damage)
             ... on level 2 of the Orcish Mines.
             The game lasted 00:58:56 (14182 turns).

Ejeck the Archer (Minotaur Berserker)              Turns: 14182, Time: 00:58:57

Health: -3/112     AC: 21    Str: 23    XL:     12   Next: 62%
Magic:  0/11       EV:  6    Int:  5    God:    Trog [****..]
Gold:   880        SH:  0    Dex: 17    Spells: 11/11 levels left

rFire    . . .     SeeInvis .   u - +7 falchion "Uphoil" {slice, +Fly rElec rPois Dex-3}
rCold    . . .     Gourm    .   (no shield)
rNeg     + . .     Faith    .   K - +0 crystal plate armour
rPois    +         Spirit   +   (helmet restricted)
rElec    +         Reflect  .   R - scarf {Spirit}
rCorr    .         Harm     .   (no gloves)
MR       ++...                  (no boots)
Stlth    ..........             L - amulet of magic regeneration
HPRegen  1.28/turn              v - +3 ring of dexterity
MPRegen  0.37/turn              n - ring of Issusec {rN+ Dex+4}

@: berserk cooldown, regenerating, slowed, invisible, very slow
A: retaliatory headbutt, horns 2
a: Berserk, Trog's Hand, Brothers in Arms, Burn Spellbooks, Renounce Religion,
Evoke Flight


You were on level 2 of the Orcish Mines.
You worshipped Trog.
Trog was greatly pleased with you.
You were hungry.

You visited 2 branches of the dungeon, and saw 14 of its levels.
You also visited: Labyrinth.

You collected 1204 gold pieces.
You spent 324 gold pieces at shops.

Inventory:

Hand Weapons
 u - the +7 falchion "Uphoil" (weapon) {slice, +Fly rElec rPois Dex-3}
   (You found it on level 6 of the Dungeon)

   It inflicts extra damage upon your enemies.
   It affects your dexterity (-3).
   It insulates you from electricity.
   It protects you from poison.
   It lets you fly.
 F - a +8 shortbow of flaming
Missiles
 s - 270 arrows
Armour
 t - a +0 cloak
 K - a +0 crystal plate armour (worn)
 R - a scarf of spirit shield (worn)
Jewellery
 g - an uncursed ring of protection from magic
 n - the ring of Issusec (right hand) {rN+ Dex+4}
   (You took it off a minotaur in a labyrinth)

   [ring of positive energy]

   It affects your dexterity (+4).
   It protects you from negative energy.
 r - a +2 ring of intelligence
 v - a +3 ring of dexterity (left hand)
 L - an amulet of magic regeneration (around neck)
 M - an uncursed ring of protection from fire
 N - an uncursed ring of protection from magic
 O - an uncursed ring of positive energy
 P - an uncursed ring of see invisible
 Q - an uncursed ring of teleportation
Wands
 q - a wand of clouds (5)
 y - a wand of flame (37)
 A - a wand of acid (8)
 C - a wand of polymorph (19)
 D - a wand of iceblast (16)
 G - a wand of disintegration (18)
 I - a wand of scattershot (4)
Scrolls
 e - 3 scrolls of blinking
 f - a scroll of fear
 i - a scroll of immolation
 j - a scroll of random uselessness {unknown}
 l - 3 scrolls of identify
 p - 4 scrolls of teleportation
 x - 2 scrolls of remove curse
Potions
 a - a potion of cancellation {unknown}
 b - 3 potions of brilliance {unknown}
 d - 2 potions of berserk rage {unknown}
 h - a potion of haste {unknown}
 k - 11 potions of curing
 o - 2 potions of degeneration {unknown}
 w - 4 potions of might
 z - 3 potions of flight {unknown}
 B - a potion of ambrosia {unknown}
 J - a potion of invisibility
Miscellaneous
 E - a phial of floods
 H - a phial of floods
Comestibles
 c - 14 rations


   Skills:
 * Level 12.0 Fighting
 + Level 11.9 Long Blades
   Level 7.5 Axes
 + Level 12.1 Bows
 + Level 12.1 Armour
 - Level 2.1 Dodging


You had 11 spell levels left.
You didn't know any spells.

Dungeon Overview and Level Annotations

Branches:
Dungeon (12/15)            Temple (0/1) D:5            Lair (0/6) D:9
    Orc (2/2) D:9             Elf (0/3) Orc:2

Altars:
Trog
Vehumet
Beogh

Shops:
D:11 (   D:12 !   Orc:2 %%

Annotations:
D:9 exclusion: obsidian statue
Orc:2 Saint Roka


Innate Abilities, Weirdness & Mutations

You reflexively headbutt those who attack you in melee.
You have a pair of horns on your head.


Message History

You are feeling hungry.
The warg bites you but does no damage. The ogre completely misses you.
You furiously retaliate!
You headbutt the ogre!
Saint Roka mumbles some strange prayers to Beogh against you.
Beogh smites you!
* * * LOW HITPOINT WARNING * * *
The orc priest mumbles some strange prayers to Beogh against you.
Beogh smites you!
* * * LOW HITPOINT WARNING * * *
The warg bites you!
* * * LOW HITPOINT WARNING * * *
An ogre comes into view. It is wielding a giant club.
Okay, then.
You fade into invisibility!
The warg bites you but does no damage.
The orc wizard gestures at you while chanting.
The magic dart hits the orc.
The orc dies!
The ogre hits you with a giant club!
You die...

...............
...............
...............
...........o...
...............
..o..oo........
.....)O.....o.O
...o.oh@..o....
...o.o.o.......
..oo...........
...............
...............
.....>.........
...............
...............


You could see Saint Roka, a warg, an orc sorcerer, 2 orc warriors, 2 ogres, 3
orc priests, an orc wizard and 5 orcs.

Vanquished Creatures
  A minotaur (Lab)
  Fannar (D:12)
  3 two-headed ogres
  Urug (D:11)
  Nergalle (D:12)
  An unseen horror (D:10)
  An orc knight (Orc:2)
  2 ugly things
  A cyclops (Orc:2)
  An orc sorcerer (Orc:1)
  Joseph (D:10)
  Maurice (D:10)
  Psyche (D:9)
  3 trolls
  A merfolk (D:9)
  A hornet (D:11)
  8 hippogriffs
  A meliai zombie (D:12)
  A wyvern (D:11)
  26 yaks
  A basilisk (D:12)
  A steam dragon (D:10)
  3 hungry ghosts
  Edmund (D:4)
  A warg (Orc:1)
  13 orc warriors
  2 sky beasts
  3 black bears
  2 ice beasts
  9 ogres
  3 phantoms
  5 centaurs
  A crocodile (D:12)
  9 bullfrogs
  2 scorpions
  6 killer bees (D:11)
  A howler monkey (D:4)
  9 crimson imps
  2 bullfrog zombies
  A quasit (D:11)
  16 orc priests
  A centaur skeleton (D:4)
  2 jellies
  2 centaur zombies
  7 hounds
  14 orc wizards
  Natasha (D:2)
  6 worker ants
  A worker ant zombie (D:5)
  3 gnolls (D:4)
  12 adders
  4 shadow imps
  2 oozes
  An adder skeleton (D:10)
  9 worms
  3 dart slugs
  7 leopard geckos
  62 orcs
  A ball python (D:2)
  3 giant cockroaches
  8 goblins
  8 hobgoblins
  22 jackals
  3 quokkas
  3 bats
  11 frilled lizards
  4 kobolds
  A quokka skeleton (D:4)
  6 rats
355 creatures vanquished.

Vanquished Creatures (collateral kills)
  2 yaks (D:10)
  4 orc warriors
  2 orc priests (D:9)
  6 orcs
14 creatures vanquished.

Vanquished Creatures (others)
  An orc priest (Orc:2)
  2 orcs (Orc:2)
  2 jackals (D:2)
5 creatures vanquished.

Grand Total: 374 creatures vanquished

Notes
Turn   | Place    | Note
-------+----------+-------------------------------------------
     0 | D:1      | Ejeck the Minotaur Berserker began the quest for the Orb.
     0 | D:1      | Reached XP level 1. HP: 19/19 MP: 0/0
   272 | D:1      | Reached XP level 2. HP: 24/27 MP: 1/1
   705 | D:1      | Reached ** piety under Trog
   709 | D:1      | Reached XP level 3. HP: 22/34 MP: 2/2
  1008 | D:2      | Found a radiant altar of Vehumet.
  1324 | D:2      | Noticed Natasha
  1337 | D:2      | Killed Natasha
  1337 | D:2      | Reached XP level 4. HP: 32/41 MP: 3/3
  1672 | D:3      | Reached skill level 5 in Fighting
  1672 | D:3      | Reached skill level 5 in Axes
  1672 | D:3      | Reached XP level 5. HP: 48/48 MP: 4/4
  2064 | D:3      | Found a faded altar of an unknown god.
  2183 | D:3      | Reached *** piety under Trog
  2654 | D:4      | Reached skill level 5 in Armour
  2776 | D:4      | Reached XP level 6. HP: 34/56 MP: 5/5
  2972 | D:4      | Noticed Edmund
  2978 | D:4      | Killed Edmund
  3225 | D:4      | Reached XP level 7. HP: 56/63 MP: 6/6
  3496 | D:5      | Entered Level 5 of the Dungeon
  3705 | D:5      | Reached XP level 8. HP: 65/73 MP: 7/7
  3893 | D:5      | Found a staircase to the Ecumenical Temple.
  3996 | D:5      | Reached skill level 1 in Bows
  4086 | D:5      | Reached **** piety under Trog
  4572 | D:6      | Got a warped falchion
  4573 | D:6      | Identified the +7 falchion "Uphoil" {slice, +Fly rElec rPois Dex-3} (You found it on level 6 of the Dungeon)
  4650 | D:6      | Reached skill level 1 in Long Blades
  5265 | D:7      | Reached skill level 5 in Long Blades
  5306 | D:7      | Noticed a hippogriff
  5313 | D:7      | Killed a hippogriff
  5313 | D:7      | Reached XP level 9. HP: 69/79 MP: 8/8
  5984 | D:8      | Noticed a two-headed ogre
  5991 | D:8      | Reached skill level 5 in Bows
  5996 | D:8      | Killed a two-headed ogre
  5996 | D:8      | Reached XP level 10. HP: 46/90 MP: 9/9
  6582 | D:8      | Noticed a two-headed ogre
  6588 | D:8      | Killed a two-headed ogre
  6842 | D:9      | Found a roughly hewn altar of Beogh.
  6842 | D:9      | Found a staircase to the Orcish Mines.
  6933 | D:9      | Noticed Psyche
  6946 | D:9      | Killed Psyche
  6946 | D:9      | Reached ***** piety under Trog
  7324 | D:9      | Reached skill level 10 in Armour
  7367 | D:9      | Found a staircase to the Lair.
  7429 | D:9      | Noticed an obsidian statue
  7435 | D:9      | Noticed an orange demon
  7512 | D:9      | Found a bloodstained altar of Trog.
  7609 | D:9      | Reached XP level 11. HP: 77/99 MP: 10/10
  7918 | D:10     | Entered Level 10 of the Dungeon
  7918 | D:10     | Noticed Joseph
  7923 | D:10     | Killed Joseph
  7923 | D:10     | Reached skill level 10 in Long Blades
  8011 | D:10     | Reached skill level 10 in Fighting
  8149 | D:10     | Noticed a white ugly thing
  8164 | D:10     | Killed a white ugly thing
  8192 | D:10     | Received a gift from Trog
  8272 | D:10     | Killed an unseen horror
  8551 | D:10     | Noticed Maurice
  8644 | D:10     | Killed Maurice
  9187 | D:11     | Reached skill level 10 in Bows
  9273 | D:11     | Found a labyrinth entrance.
  9316 | Lab      | Entered a labyrinth
  9908 | Lab      | Identified a scroll of acquirement
 11156 | Lab      | Noticed a minotaur
 11169 | Lab      | Killed a minotaur
 11171 | Lab      | Got a warped bronze ring
 11421 | D:11     | Identified the ring of Issusec {rN+ Dex+4} (You took it off a minotaur in a labyrinth)
 11439 | D:11     | Found Xuupol's Antique Weapon Shoppe.
 11452 | D:11     | Received a gift from Trog
 11673 | D:11     | Noticed Urug
 11692 | D:11     | Killed Urug
 12014 | D:11     | Reached XP level 12. HP: 102/110 MP: 11/11
 12103 | D:11     | Noticed a two-headed ogre
 12107 | D:11     | Killed a two-headed ogre
 12284 | D:12     | Found Cucof's Distillery.
 12300 | D:12     | Bought a potion of might for 48 gold pieces
 12300 | D:12     | Bought 2 potions of curing for 72 gold pieces
 12300 | D:12     | Bought a potion of invisibility for 96 gold pieces
 12300 | D:12     | Bought a potion of curing for 36 gold pieces
 12300 | D:12     | Bought a potion of curing for 36 gold pieces
 12300 | D:12     | Bought a potion of curing for 36 gold pieces
 12466 | D:12     | Noticed Nergalle
 12477 | D:12     | Killed Nergalle
 12548 | D:12     | Noticed Fannar
 12576 | D:12     | Killed Fannar
 13254 | Orc:1    | Entered Level 1 of the Orcish Mines
 13276 | Orc:1    | Received a gift from Trog
 13901 | Orc:2    | Entered Level 2 of the Orcish Mines
 14097 | Orc:2    | Received a gift from Trog
 14155 | Orc:2    | Found Ynioh's Food Shop.
 14165 | Orc:2    | Found Neklounk's Food Boutique.
 14180 | Orc:2    | Found a staircase to the Elven Halls.
 14180 | Orc:2    | Noticed Saint Roka
 14181 | Orc:2    | HP: 5/112 [warg[Saint Roka] (9)]
 14182 | Orc:2    | Slain by an ogre

Skill      XL: |  1  2  3  4  5  6  7  8  9 10 11 12 |
---------------+-------------------------------------+-----
Fighting       | 4 5 6 7 8 9 11 12 | 12.0
Axes           | 4 5 6 7 |  7.5
Armour         | 3 4 5 6 7 8 9 10 11 12 | 12.1
Bows           | 2 5 8 10 12 | 12.1
Long Blades    | 6 8 9 11 | 11.9
Dodging        | |  2.1

Action                   |  1- 3 |  4- 6 |  7- 9 | 10-12 || total
-------------------------+-------+-------+-------+-------++-------
Melee: Hand axe          |    91 |   134 |   120 |       ||   345
       Headbutt          |    10 |    30 |    55 |   118 ||   213
       Falchion          |       |       |   100 |   411 ||   511
 Fire: Shortbow          |       |       |    55 |   288 ||   343
Invok: Berserk           |     1 |     3 |       |     8 ||    12
       Trog's Hand       |       |     5 |     3 |    16 ||    24
       Burn Spellbooks   |       |     1 |       |     3 ||     4
       Brothers in Arms  |       |       |       |     6 ||     6
Evoke: Wand              |       |       |       |     1 ||     1
  Use: Scroll            |     1 |     6 |     2 |    25 ||    34
       Potion            |       |       |       |     7 ||     7
 Stab: Sleeping          |     1 |       |       |       ||     1
  Eat: Chunk             |     1 |    11 |     9 |    10 ||    31
       Ration            |       |       |     1 |    10 ||    11
Armor: Animal skin       |     9 |       |       |       ||     9
       Leather armour    |     3 |     1 |       |       ||     4
       Chain mail        |       |    10 |    60 |       ||    70
       Plate armour      |       |       |    85 |   240 ||   325
       Crystal plate arm |       |       |       |   154 ||   154
Dodge: Dodged            |    53 |    74 |    96 |   167 ||   390
       Rpst.: Falchion   |       |       |     6 |    36 ||    42
